Map: [ESL] Hard Lead

Players

PtitDrogo

  • Race: Protoss Protoss
  • Spawn Location: 11:00

LiquidClem (Clem) - Winner!

  • Race: Terran Terran
  • League: Grandmaster
  • Spawn Location: 5:00

Event: HomeStory Cup XXIV

VOD

Have the link to the VOD?

Description

Time

  • Played on: Dec. 1, 2023, 12:54 p.m.
  • Length: 7:25

All games in this series

Show
View Real Time Build Order
Export as new Build Order

PtitDrogo Protoss 

Build Orders: 1 Gate Expand, Blink Stalkers, Colossus Rush 

Get SALT Encoding   

  12  0:00  Probe  
  13  0:12  Probe  
  14  0:17  Pylon  
  14  0:24  Probe (Chrono Boost)  
  15  0:36  Gateway, Probe (Chrono Boost)  
  16  0:45  Assimilator, Probe (Chrono Boost)  
  17  0:51  Probe  
  18  1:03  Probe  
  19  1:15  Probe  
  20  1:22  Cybernetics Core  
  20  1:32  Nexus  
  20  1:39  Pylon  
  20  1:40  Probe  
  20  1:45  Assimilator  
  21  1:53  Probe  
  22  1:56  Adept (Chrono Boost)  
  22  1:59  Warp Gate  
  24  2:05  Probe  
  25  2:16  Stalker (Chrono Boost)  
  25  2:17  Probe  
  28  2:29  Probe  
  29  2:33  Twilight Council  
  29  2:41  Probe  
  30  2:45  Probe  
  30  2:57  Probe (Chrono Boost)  
  30  3:00  Probe (Chrono Boost)  
  30  3:05  Gateway  
  30  3:07  Robotics Facility  
  30  3:09  Probe (Chrono Boost)  
  30  3:12  Probe (Chrono Boost)  
  32  3:15  Probe (Chrono Boost)  
  32  3:18  Blink  
  34  3:20  Probe (Chrono Boost)  
  34  3:26  Probe (Chrono Boost)  
  35  3:27  Probe (Chrono Boost)  
  35  3:32  Pylon  
  36  3:36  Probe  
  36  3:39  Probe  
  38  3:48  Stalker, Probe  
  41  3:52  Nexus  
  41  3:54  Probe  
  42  3:56  Observer (Chrono Boost)  
  42  3:59  Stalker  
  45  4:03  Pylon  
  45  4:05  Probe  
  45  4:09  Pylon  
  46  4:10  Observer (Chrono Boost)  
  46  4:16  Stalker, Probe (Chrono Boost)  
  49  4:19  Probe (Chrono Boost)  
  49  4:20  Pylon  
  50  4:26  Stalker  
  50  4:29  Probe (Chrono Boost)  
  50  4:30  Probe (Chrono Boost)  
  54  4:34  Probe (Chrono Boost)  
  54  4:38  Probe  
  56  4:42  Assimilator  
  56  4:43  Assimilator  
  56  4:46  Probe  
  56  4:50  Probe  
  56  4:52  Robotics Bay  
  58  4:53  Forge  
  58  4:58  Probe (Chrono Boost)  
  59  5:06  Probe x2 (Chrono Boost)  
  61  5:10  Probe (Chrono Boost)  
  62  5:14  Gateway x2  
  62  5:16  Probe (Chrono Boost)  
  62  5:17  Probe (Chrono Boost)  
  62  5:18  Sentry, Probe (Chrono Boost)  
  62  5:20  Shield Battery  
  62  5:21  Probe (Chrono Boost)  
  67  5:24  Probe  
  67  5:26  Probe  
  70  5:32  Probe  
  71  5:36  Probe  
  71  5:37  Gateway x2  
  71  5:38  Colossus (Chrono Boost), Probe  
  79  5:44  Probe  
  79  5:48  Gateway, Probe  
  81  5:51  Gateway  
  81  5:57  Stalker  
  83  6:04  Stalker  
  83  6:05  Probe  
  83  6:09  Probe  
  87  6:22  Probe  
  87  6:24  Pylon  
  87  6:25  Assimilator  
  88  6:27  Shield Battery, Photon Cannon  
  88  6:28  Assimilator  
  88  6:32  Zealot x2  
  92  6:34  Pylon  
  92  6:37  Pylon  
  92  6:40  Observer  
  92  6:46  Probe  
  96  6:49  Probe x2  
  92  7:07  Zealot  
  92  7:08  Stalker x5, Zealot x2  
Show
View Real Time Build Order
Export as new Build Order

LiquidClem Terran - Winner!

Build Orders: Reaper Expand 

Get SALT Encoding   

  12  0:00  SCV  
  13  0:12  SCV  
  14  0:16  Supply Depot  
  14  0:24  SCV  
  15  0:38  SCV  
  15  0:39  Barracks  
  15  0:42  Refinery  
  16  0:50  SCV  
  17  1:02  SCV  
  18  1:14  SCV  
  19  1:26  Reaper, Orbital Command  
  20  1:37  Command Center  
  20  1:47  Supply Depot  
  20  1:52  SCV  
  21  1:58  Marine  
  22  2:04  SCV  
  22  2:07  Factory  
  23  2:15  Bunker  
  23  2:16  Marine, SCV  
  23  2:20  Refinery  
  25  2:28  SCV  
  26  2:35  Barracks Reactor  
  26  2:40  SCV  
  27  2:49  Orbital Command  
  29  2:51  Widow Mine  
  28  2:59  Starport, SCV  
  29  3:11  Marine x2, SCV  
  34  3:13  Widow Mine  
  34  3:15  Supply Depot, SCV  
  35  3:23  SCV  
  36  3:27  SCV  
  36  3:28  Marine x2  
  39  3:34  Barracks  
  39  3:36  Medivac  
  39  3:37  Widow Mine  
  39  3:41  SCV  
  44  3:42  SCV  
  44  3:47  Marine, Supply Depot  
  46  3:49  Marine  
  46  3:53  SCV  
  46  3:55  SCV  
  49  4:00  Factory Tech Lab  
  49  4:02  Supply Depot  
  49  4:05  Marine, SCV  
  49  4:07  Starport Tech Lab, Marine, SCV  
  53  4:17  SCV  
  53  4:19  Barracks, SCV  
  53  4:21  Siege Tank  
  58  4:25  Supply Depot  
  58  4:28  Raven  
  60  4:31  SCV x2  
  60  4:34  Marine x2  
  64  4:38  Refinery  
  64  4:42  Supply Depot  
  64  4:44  Engineering Bay  
  64  4:46  SCV  
  64  4:49  SCV  
  64  4:52  Marine x2  
  68  4:57  Refinery, Supply Depot  
  68  4:58  SCV  
  69  5:02  Factory Reactor  
  69  5:03  Marauder  
  69  5:05  Stimpack  
  71  5:08  SCV  
  71  5:12  SCV  
  71  5:13  Terran Infantry Weapons Level 1, Marine  
  71  5:14  Marine  
  75  5:18  Marauder  
  75  5:21  SCV  
  78  5:24  Marauder, SCV  
  81  5:28  Supply Depot  
  81  5:29  Combat Shield  
  81  5:33  Marine x2  
  83  5:36  Medivac  
  83  5:40  Widow Mine  
  83  5:41  Widow Mine  
  89  5:43  Supply Depot  
  89  5:44  Marauder  
  89  5:46  SCV x2  
  93  5:50  Marauder  
  93  5:53  Marine x2  
  93  5:56  Armory  
  97  6:06  Marauder  
  99  6:14  Marine x2  
  99  6:15  Marauder  
  99  6:16  Factory Reactor  
  103  6:18  Command Center  
  103  6:19  Supply Depot  
  103  6:21  Medivac  
  105  6:26  Medivac  
  105  6:27  Marauder  
  105  6:32  Marine, Supply Depot  
  110  6:41  Marine, Marauder  
  110  6:42  SCV  
  110  6:43  SCV  
  115  6:48  Barracks  
  115  6:50  Barracks  
  115  6:51  Marauder  
  119  7:03  Marine x2  
  122  7:10  SCV  
  116  7:17  Supply Depot  
Tags
 
Add a new tag
Caveats
  • Supply blocks, unpowered buildings, or Contaminate may cause inaccurate times.
  • Supply counts are checked every 10 seconds.